Cogmind - Beta 17.1 @@@ ROGUE MODE // 2026.09.01 @ 12:41:31 Player: UnderDoug Result: Destroyed by G-47 Trooper with Particle Gun Performance ------------- Evolutions (0) 0 Regions Visited (2) 400 Robots Destroyed (18) 90 Value Destroyed (500) 500 Prototype IDs (3) 60 Alien Tech Used (0) 0 Bonus (0) 0 TOTAL SCORE: 1050 Bonus ------- None Cogmind --------- Core Integrity 0/250 Matter 290/300 Energy 160/160 System Corruption 0% Temperature Cool (27) Movement Walking (190) Ox1 Location -10/Mines Parts ------- > --- POWER (1) -------- Light Nuclear Core > --- PROPULSION (2) --- Aluminum Leg Aluminum Leg > --- UTILITY (2) ------ Large Storage Unit Thief Drone Bay (3/3) > --- WEAPON (2) ------- Shotgun Hammer > --- INVENTORY (15) --- Light Ion Engine Light Nuclear Core Aluminum Leg Aluminum Leg Aluminum Leg ECM Suite ECM Suite Medium Armor Plating Medium Armor Plating Small Laser Shotgun Shotgun Shotgun Rocket Launcher Rocket Launcher Peak State ------------ > --- POWER ------------ Light Nuclear Core > --- PROPULSION ------- Aluminum Leg Aluminum Leg > --- UTILITY ---------- Large Storage Unit Thief Drone Bay > --- WEAPON ----------- Shotgun Hammer > --- INVENTORY -------- Light Ion Engine Light Nuclear Core Aluminum Leg Aluminum Leg Aluminum Leg ECM Suite ECM Suite Medium Armor Plating Medium Armor Plating Small Laser Shotgun Shotgun Shotgun Rocket Launcher Rocket Launcher [Rating: 18] Favorites ----------- Power Light Nuclear Core Engine Ion Engine Power Core Light Nuclear Core Propulsion Aluminum Leg Leg Aluminum Leg Utility ECM Suite Device ECM Suite Storage Large Storage Unit Weapon Hammer Ballistic Gun Shotgun Impact Weapon Hammer Build | -11 -10 -10 ------- Run | Yrd Mat Min Slots Evolved . | . . . Power . | . . . Propulsion . | . . . Utility . | . . . Weapon . | . . . Parts Attached 26 | 6 19 1 Power 3 | 1 2 . Engine 1 | 1 . . Core 2 | . 2 . Reactor . | . . . Propulsion 12 | 2 10 . Treads . | . . . Leg 12 | 2 10 . Wheel . | . . . Hover . | . . . Flight . | . . . Utility 6 | 1 4 1 Device 2 | . 1 1 Storage 4 | 1 3 . Processor . | . . . Hackware . | . . . Protection . | . . . Artifact . | . . . Weapon 5 | 2 3 . Energy Gun . | . . . Energy Cannon . | . . . Ballistic Gun 4 | 2 2 . Ballistic Cannon . | . . . Launcher . | . . . Special Weapon . | . . . Impact Weapon 1 | . 1 . Slashing Weapon . | . . . Piercing Weapon . | . . . Special Melee Weapon . | . . . Unidentified Prototypes 1 | . . 1 Parts Lost 2 | . 2 . Power . | . . . Propulsion . | . . . Utility . | . . . Weapon 2 | . 2 . Highest Loss Streak 2 | . 2 . To Critical Strikes . | . . . Average Backups 14 | 3 14 15 Power 1 | . 1 2 Propulsion 3 | 2 3 3 Utility 4 | . 4 4 Weapon 4 | . 4 6 Tool/Special . | . . . Unused Backups 24 | . 12 12 Power 1 | . . 1 Propulsion 7 | . 6 1 Utility 8 | . 4 4 Weapon 8 | . 2 6 Tool/Special . | . . . Average Slot Usage (%) 98 | . 98 100 Core 13 | . 13 14 Leg 28 | . 28 28 Device 13 | . 13 14 Storage 14 | . 14 14 Ballistic Gun 15 | . 15 14 Impact Weapon 11 | . 11 14 Peak Build Rating 18 | 6 13 18 Average Rating 11 | 4 10 15 On Entrance 6 | . 6 12 Avg Prop Armor Cover (%) . | . . . Naked Turns . | . . . Heaviest Build 92 | 14 92 34 Greatest Support 20 | 20 20 20 Greatest Overweight (x) 4 | 2 4 1 Average Overweight (x) 1 | . 1 1 Largest Inventory Capacity 25 | 8 25 15 Average Capacity 16 | 6 17 15 Most Carried 24 | 6 24 15 Average Carried 14 | 3 14 15 Final Capacity 15 | 8 15 15 Final Carried 15 | 6 15 15 Class Distribution -------------------- 100% | Mutant Dominant Class ---------------- Mutant | -10/Materials Mutant | -10/Mines Resources | -11 -10 -10 ----------- Run | Yrd Mat Min Matter Collected 709 | 260 415 34 Remotely . | . . . Salvage Created 682 | . 682 . Parts 42 | . 42 . Haulers Intercepted . | . . . Recyclers Shooed 1 | . 1 . Parts Field Recycled . | . . . Retrieved Matter . | . . . Parts Self-Destructed . | . . . Prevented . | . . . Parts Restored . | . . . Kills | -11 -10 -10 ------- Run | Yrd Mat Min Combat Hostiles Destroyed 15 | . 15 . Guns 15 | . 15 . Classes Destroyed 5 | . 5 . Worker 1 | . 1 . Recycler 1 | . 1 . Watcher 1 | . 1 . Swarmer 3 | . 3 . Grunt 12 | . 12 . Best Kill Streak 4 | . 4 . Combat Bots Only 4 | . 4 . Max Kills in Single Turn 1 | . 1 . Gunslinging . | . . . Exploded . | . . . Melee . | . . . Uniques/NPCs Destroyed . | . . . Combat | -11 -10 -10 -------- Run | Yrd Mat Min Hostile Shots Fired 88 | . 87 1 Missed 24 | . 24 . Hits 64 | . 63 1 Projectile 64 | . 63 1 AOE 1 | . 1 . Critical Strikes 3 | . 2 1 Damage Taken 901 | . 883 18 Core 250 | . 232 18 Absorbed by Shields . | . . . Regen/Repaired (Parts) 51 | . 51 . Core Remaining (%) 100 | 100 . . Volleys Fired 68 | . 68 . Largest 2 | . 2 . Hottest 40 | . 40 . Shots Fired 89 | . 89 . Gun 89 | . 89 . Cannon . | . . . Launcher . | . . . Special . | . . . Kinetic 89 | . 89 . Thermal . | . . . Explosive . | . . . Electromagnetic . | . . . Robot Hit Streak 9 | . 9 . Robot Miss Streak 9 | . 9 . Penetration Max . | . . . Secondary Targets 1 | . 1 . Max Gunslinging Chain 1 | . 1 . Shots Hit Robots 59 | . 59 . Core Hits 35 | . 35 . Critical Kills . | . . . Critical Parts Destroyed 1 | . 1 . Critical Strikes 1 | . 1 . Destroy 1 | . 1 . Melee Attacks 1 | . 1 . Impact 1 | . 1 . Slashing . | . . . Piercing . | . . . Sneak Attacks 1 | . 1 . Combat Hostiles . | . . . Follow-up Attacks . | . . . Damage Inflicted 771 | . 771 . Guns 715 | . 715 . Cannons . | . . . Explosions . | . . . Melee 56 | . 56 . Ramming . | . . . Kinetic 715 | . 715 . Thermal . | . . . Explosive . | . . . Electromagnetic . | . . . Impact 56 | . 56 . Slashing . | . . . Piercing . | . . . Highest Corruption . | . . . Average Corruption . | . . . Corruption Purged . | . . . Corruption Blocked . | . . . Overload Shots . | . . . Overflow Damage 16 | . 16 . Projectiles . | . . . Explosions . | . . . Melee 16 | . 16 . Knockbacks . | . . . Impact . | . . . Kinetic . | . . . Secondary . | . . . Self-Inflicted Damage . | . . . Shots . | . . . Rammed . | . . . Targets Rammed . | . . . Kicked . | . . . Crushed . | . . . Highest Temperature 13 | . 13 . Average Temperature 5 | . 5 . Received Heat Transfer 393 | . 366 27 Siege Activations . | . . . Martial Activations . | . . . Shielding Activations . | . . . Robots Disrupted . | . . . Combat Hostiles . | . . . Robots Corrupted 1 | . 1 . Combat Hostiles . | . . . Parts Fried 2 | . 2 . Impact Corruptions 1 | . 1 . Robots Melted . | . . . Combat Hostiles . | . . . Parts Melted . | . . . Heat Transferred . | . . . Parts Sabotaged . | . . . Parts Stolen . | . . . Parts Stripped . | . . . Power Chain Reactions . | . . . Alert | -11 -10 -10 ------- Run | Yrd Mat Min Maximum Alert Level . | . . . Low Security (%) 100 | 100 100 100 Level 1 . | . . . Level 2 . | . . . Level 3 . | . . . Level 4 . | . . . Level 5 . | . . . High Security . | . . . Max Security . | . . . Peak Influence 121 | . 121 43 Initial 43 | . . 43 Average 21 | . 23 6 Influence Increases 421 | . 421 . Destroy 0b10 Robot/C 300 | . 300 . Destroy 0b10 Robot/NC 15 | . 15 . Destroy Leader 62 | . 62 . Successful Hack 44 | . 44 . Influence Decreases 421 | . 309 112 Entered New Map 69 | . . 69 Time Decay 332 | . 289 43 Lost Part 20 | . 20 . Squads Dispatched 3 | . 3 . Investigation 1 | . 1 . Extermination . | . . . Reinforcement 2 | . 2 . Assault . | . . . Garrison . | . . . Intercept . | . . . Searches Triggered . | . . . Construction Impeded . | . . . Haulers Reinforced . | . . . Active Scanning Responses . | . . . Cargo Convoy Interrupts . | . . . Stealth | -11 -10 -10 --------- Run | Yrd Mat Min Distress Signals 1 | . 1 . Communications Jammed . | . . . Distress Signals . | . . . Times Spotted 41 | . 39 2 Peak Tracking Total 5 | . 5 2 Tactical Retreats 7 | . 7 . ECM-based Alert Blocks 14 | . 14 . Traps | -11 -10 -10 ------- Run | Yrd Mat Min Traps Triggered 1 | . 1 . Indirectly . | . . . Trap Hack Attempts . | . . . Triggered . | . . . Disarmed . | . . . Reprogrammed . | . . . Reused . | . . . Traps Extracted . | . . . Installed . | . . . Triggered . | . . . Machines | -11 -10 -10 ---------- Run | Yrd Mat Min Machines Disabled . | . . . Max in Single Turn . | . . . Machines Repaired . | . . . Machines Dismantled . | . . . Machines Sabotaged . | . . . Overloaded Fab Kills . | . . . Hacking | -11 -10 -10 --------- Run | Yrd Mat Min Machines Accessed 9 | . 8 1 Terminals 6 | . 6 . Fabricators . | . . . Repair Stations 1 | . 1 . Recycling Units 1 | . 1 . Scanalyzers . | . . . Garrison Access . | . . . Total Hacks 22 | . 21 1 Successful 15 | . 14 1 Failed 7 | . 7 . Catastrophic 1 | . 1 . Database Lockouts . | . . . Manual . | . . . Terminals 18 | . 18 . Fabricators . | . . . Repair Stations 2 | . 2 . Recycling Units 1 | . 1 . Scanalyzers . | . . . Garrison Access . | . . . Terminal Hacks 12 | . 11 1 Record 2 | . 2 . Robot Analysis 1 | . 1 . Prototype ID Bank 1 | . 1 . Open Door 1 | . . 1 Emergency Access Points 1 | . 1 . Locate Traps 2 | . 2 . Transport Status 1 | . 1 . Zone Layout 3 | . 3 . Fabricator Hacks . | . . . Repair Station Hacks 2 | . 2 . Scan Component 1 | . 1 . Repair 1 | . 1 . Recycling Unit Hacks 1 | . 1 . Report Inventory 1 | . 1 . Scanalyzer . | . . . Garrison Access Hacks . | . . . Unauthorized Hacks . | . . . Terminals . | . . . Fabricators . | . . . Repair Stations . | . . . Recycling Units . | . . . Scanalyzers . | . . . Garrison Access . | . . . Data Cores Recovered . | . . . Used . | . . . Hacking Detections 4 | . 4 . Full Trace Events 1 | . 1 . Feedback Events . | . . . Feedback Blocked . | . . . Robot Schematics Acquired . | . . . Robots Built . | . . . Authchips . | . . . Time . | . . . Total Robot Build Rating . | . . . Part Schematics Acquired . | . . . Parts Built . | . . . Authchips . | . . . Time . | . . . Total Part Build Rating . | . . . Part Studies Acquired . | . . . Parts Repaired 1 | . 1 . Time 26 | . 26 . Parts Recycled . | . . . Recycled Matter . | . . . Retrieved Matter . | . . . Retrieved Components . | . . . Parts Scanalyzed . | . . . Part Schematics Acquired . | . . . Parts Damaged . | . . . Bothacking | -11 -10 -10 ------------ Run | Yrd Mat Min Used RIF Installer . | . . . Robots Hacked . | . . . Non-combat . | . . . Combat . | . . . Robot Hacks Applied . | . . . Relay Couplers Released . | . . . Fabnet Peak Effective % . | . . . Robots Rewired . | . . . Allies Hacked . | . . . Hacks Repelled . | . . . Allies | -11 -10 -10 -------- Run | Yrd Mat Min Total Allies . | . . . Largest Group . | . . . Highest-Rated Group . | . . . Highest-Rated Ally . | . . . Total Orders 2 | . . 2 EXPLORE 1 | . . 1 RETURN 1 | . . 1 Ally Attacks 1 | . . 1 Total Damage 18 | . . 18 Kills . | . . . Allies Corrupted . | . . . Allies Melted . | . . . Intel | -11 -10 -10 ------- Run | Yrd Mat Min Active Infowar (turns) 2422 | . 2297 125 ECM 2422 | . 2297 125 Robot Analysis Total 1 | . 1 . Derelict Logs Recovered 1 | . . 1 Drone Launches 3 | . . 3 Drone Recoveries 3 | . . 3 Exploration | -11 -10 -10 ------------- Run | Yrd Mat Min Turns Passed 2823 | 69 2425 329 Spaces Moved 1146 | 45 938 163 Core 11 | 11 . . Treads . | . . . Legs 1135 | 34 938 163 Wheels . | . . . Hover . | . . . Flight . | . . . Fastest Speed 50 | 50 120 190 Average Speed 212 | 120 220 190 Slowest Speed 400 | 150 400 190 Overloaded Moves . | . . . Propulsion Burnouts . | . . . Robots Hopped . | . . . Potential Cave-ins . | . . . Cave-ins Triggered . | . . . Exploration Rate (%) 60 | 3 96 82 Regions Visited 2 Branch Regions 1 Pre-discovered Areas 1 | . . 1 Known Exits Taken . | . . . Unknown Exits Taken 2 | 1 1 . Scrap Searched 1 | . . 1 Spaces Dug . | . . . Terrain Destroyed . | . . . Melee . | . . . Projectile . | . . . AOE . | . . . Terrain Rammed . | . . . Walls Destroyed . | . . . Machines Disabled . | . . . Actions | -11 -10 -10 --------- Run | Yrd Mat Min Total 1461 | 56 1222 183 Wait 155 | . 138 17 Move 1144 | 44 937 163 Hop . | . . . Pick Up 38 | 6 31 1 Fast Attach 7 | 6 1 . Attach 4 | . 4 . Detach . | . . . Swap 15 | . 14 1 Drop 29 | . 28 1 Fire 68 | . 68 . Melee 1 | . 1 . Ram . | . . . Kick . | . . . Crush . | . . . Escape Stasis . | . . . Rewire . | . . . Trap . | . . . Miscellaneous . | . . . Route ------- -11/Scrapyard -10/Materials (discovered 5 exits: [*Mat x3] / *Min x2) -10/Mines (discovered 2 exits: [*Mat x2]) History --------- Turn | Location | Event 17 | -11/Scrapyard | Discovered new exit (range 16) 70 | -11/Scrapyard | Entered Materials 192 | -10/Materials | Discovered new exit (range 15) 312 | -10/Materials | Build established: Mutant 334 | -10/Materials | Discovered new exit (range 9) 545 | -10/Materials | Discovered new exit (range 5) 589 | -10/Materials | Repaired Sml. Laser 992 | -10/Materials | Discovered new exit (range 8) 1368 | -10/Materials | Discovered new exit (range 3) 1372 | -10/Materials | Core integrity fell below 50% 2270 | -10/Materials | Core integrity fell below 20% 2495 | -10/Materials | Entered Mines 2612 | -10/Mines | Found the Drone Emporium 2619 | -10/Mines | Found Prototype Device 2620 | -10/Mines | Identified Thief Drone Bay 2775 | -10/Mines | Discovered new exit (range 25) 2789 | -10/Mines | Discovered new exit (range 30) 2800 | -10/Mines | Learned location of Storage (-9) 2824 | -10/Mines | Destroyed by G-47 Trooper with Particle Gun Last Messages --------------- right now, after essentially being evicted by all these Unaware tunnelers." T-07 Excavator is excavating. "Blame H1-IDC, who apparently didn't care about the consequences of repeatedly making a mess in Materials. Shooting at robots and generally destroying stuff raised the alert level high enough to trigger assault squads over in the main complex, and they later decided the best way to defend their interests would be to start expanding in this direction." EXIT=FOUND Acquired derelict log, extracted data. World map updated: -9/Storage. Thief Drone sneak attacks. Thief Drone retrieved by Thief Drone Bay (no repairs). Thief Drone retrieved by Thief Drone Bay (repair cost: 2). Critical hit (Burn: +37). Map ----- +----------------------------------------------------+ | ???# ### ???# #???????# """ ####?? | | ???# #?? ??# #??????## ##? | | ???# #?? #?# #?????## ## | | ??## $#??# #?# #????## # | | ### #???###?# #????# #### # | | #???????# #????# # #??# ## | | ##???????# #????# # #??# ####? | | # #????????# ##???## ## #??# ##???? | | ?# ##???????# ##???####### #??# ##???? | | ???# ##??????# #???????# #??# ##??? | | ????# ##?????# #???????# ####??# #??? | | ?#### ####### #???????# #?????## #?? | | ?# ######### #??????## ##?? | | ?# #???????## #??? | | ?# ### ####### ############????????## ##??? | | ?# #?#####?????## ##????????????????????####???? | | ## #????????????## #????????????????????????????? | | #?????????????# #????????????????????????????? | | #?????????????# #????????????????????????????? | | #####?????????????# #????????????????????????????? | | ??????????????????# #????????????????????????????? | | ??????????????????# #????????????????????????????? | | ??????????????????# #????????????????????????????? | | ??????????????????# #????????????????????????????? | | ??????????????????# ########### """ ????????????? | | ??????????????????# @ $ """ ????????????? | | ??????????????????######g###### """ ????????????? | | #??????????????????????#g#???????????????????????? | | #??????????????????????# #???????????????????????? | | #??????????????????????# #####???????????????????? | | #??????????????????????# #???????????????????? | | #??????????????????????##### #???????????????????? | | ???????????????????????????# ###### #???????????? | | ???????????????????????????# #???????????? | | ???????????????????????????######## #???????????? | | ?????????????????????????????????????????????????? | | ?????????????????????????????????????????????????? | | ?????????????????????????????????????????????????? | | ?????????????????????????????????????????????????? | | ?????????????????????????????????????????????????? | | ?????????????????????????####????????????????????? | | ???????????????????????? ##???????????????????? | | ??????????????????????? < #???????????????????? | | ?????????????????##### #???????????????????? | | ????????########## #????????????????????? | | ????????# #?????????????????????? | | ????????# #??????????????????????? | | ######### ####### #??????????????????????? | | #?????### #??????????????????????? | | #????????# ##??????????????????????? | +----------------------------------------------------+ Best States ------------- Heat Dissipation 25 Energy Generation 14 Energy Capacity 250 Matter Stores 300 Matter Capacity 300 Sight Range 16 Terrain Scan Density 10 ECM Strength 1 Evasion (%) 55 Item Schematics ----------------- None Robot Schematics ------------------ None Fabricated ------------ Nothing Repaired ---------- Sml. Laser | 27% | -10/Materials Studied --------- None Alien Tech Used ----------------- None Achievements -------------- None Challenges ------------ None Game ------ Seed TitaniumMassHarness Manual? 0 Play Time 00:19:33 Cumulative 12.4 hours Start 2026.09.01 @ 12:24:00 End 2026.09.01 @ 12:41:31 Sessions 1 Manual Loads 0 Difficulty Rogue Special Mode None Game No. 25 Rogue 25 Adventurer 0 Explorer 0 Win Type - Total 0 Types 0/0/0/0/0/0/0/0/0/0 Lore% 24 Gallery% 14 Achievement% 14 Wizard Run 0 Options --------- Layout 1 ASCII 0 Keyboard 0 Movement Mouse Keybinds 0 Fullscreen 2 Font 24/X11 Map View 50x35 Zoom Use 0% Tactical HUD 0 Map Filters NONE Filters NONE Steam 1 RUN: b42ccbce-0b63-4e5d-a2ea-64f721249952